AAA E
GWINNETT STRIPERS @ ST. PAUL SAINTS
05/17/2037
 
TOP OF THE 1ST
Gwinnett Stripers batting - Pitching for St. Paul Saints : RHP Ben Taylor
Pitching: RHP Ben Taylor
Batting: RHB Joel Gatto 0-0: Foul Ball, location: 7LMF
0-1: Foul Ball, location: 7LDF
0-2: Ball
1-2: Ball
2-2: Foul Ball, location: 9LDF
2-2: Strikes out swinging
Batting: RHB Edgar Cardenas 0-0: Called Strike
0-1: Swinging Strike
0-2: Ground out 5-3 (Groundball, 56S, EV 85.6 MPH)
Batting: RHB Mike Keenan 0-0: Foul Ball, location: 3F
0-1: Ball
1-1: Ball
2-1: Foul Ball, location: 2F
2-2: Ball
3-2: Ground out 5-3 (Groundball, 5, EV 103.8 MPH)
Top of the 1st over - 0 runs, 0 hits, 0 errors, 0 left on base; Gwinnett 0 - St. Paul 0
BOTTOM OF THE 1ST
St. Paul Saints batting - Pitching for Gwinnett Stripers : RHP Joe Ortmeier
Pitching: RHP Joe Ortmeier
Batting: RHB Jonathan Nystrom 0-0: Called Strike
0-1: Ball
1-1: Fly out, F8 (Flyball, 8LXD, EV 95.6 MPH)
Batting: LHB Wilfredo Vallejo 0-0: Called Strike
0-1: Ball
1-1: Foul Ball, location: 23FF
1-2: Fly out, F2 (Popup, 25F, EV 78.8 MPH)
Batting: RHB Midhat Broci 0-0: Ball
1-0: Ball
2-0: Ball
3-0: Base on Balls
Batting: RHB Marc Mueller 0-0: Ball
1-0: Called Strike
Midhat Broci is caught stealing 2nd base 2-4
Bottom of the 1st over - 0 runs, 0 hits, 0 errors, 0 left on base; Gwinnett 0 - St. Paul 0
TOP OF THE 2ND
Gwinnett Stripers batting - Pitching for St. Paul Saints : RHP Ben Taylor
Batting: LHB Robbie Vasquez 0-0: Ball
1-0: Called Strike
1-1: Ball
2-1: Foul Ball, location: 3DF
2-2: Fly out, F6 (Popup, 6D, EV 64.4 MPH)
Batting: RHB Jonathan Waisanen 0-0: Ball
1-0: Called Strike
1-1: Called Strike
1-2: SINGLE (Line Drive, 8LS, EV 93.8 MPH)
Batting: LHB Tomas Valencia 0-0: Called Strike
0-1: 2-RUN HOME RUN (Flyball, 7D, EV 93.8 MPH), Distance : 361 ft
Batting: SHB Eric Williams 0-0: Ball
1-0: Foul Ball, location: 5F
1-1: Swinging Strike
1-2: Ball
2-2: Ball
3-2: Foul Ball, location: 5SF
3-2: Fly out, F5 (Popup, 5F, EV 71.3 MPH)
Batting: RHB Hector Blazquez 0-0: Ball
1-0: SINGLE (Groundball, 4MD, EV 103.1 MPH)
Batting: SHB Pete Bledsoe 0-0: Ball
1-0: Ball
2-0: Called Strike
2-1: Ball
3-1: Fly out, F7 (Flyball, 7, EV 108.1 MPH)
Top of the 2nd over - 2 runs, 3 hits, 0 errors, 1 left on base; Gwinnett 2 - St. Paul 0
BOTTOM OF THE 2ND
St. Paul Saints batting - Pitching for Gwinnett Stripers : RHP Joe Ortmeier
Batting: RHB Marc Mueller 0-0: Ground out 5-3 (Groundball, 56, EV 80.6 MPH)
Batting: RHB Bobby Eldredge 0-0: DOUBLE (Line Drive, 9LD, EV 105.6 MPH)
Batting: SHB Cy Mooney 0-0: Ball
1-0: Foul Ball, location: 2LF
1-1: Foul Ball, location: 25F
1-2: Ball
2-2: Foul Ball, location: 3F
2-2: Ball
3-2: Ground out 5-3 (Groundball, 56, EV 103.1 MPH)
Batting: RHB Donnie Beck 0-0: Reached on error, E6 (Groundball, 6, EV 86.3 MPH)
Bobby Eldredge to third
Batting: RHB Jeremy Osborne 0-0: Foul Ball, location: 7LDF
0-1: Ball
1-1: Ball
2-1: DOUBLE (Line Drive, 89D, EV 104.4 MPH)
Bobby Eldredge scores
Donnie Beck to third
Runner from 3rd tries for Home, SAFE, no throw by RF
Batting: RHB Sam Muroff 0-0: Ball
1-0: Foul Ball, location: 2F
1-1: Ball
2-1: SINGLE (Line Drive, 89M, EV 103.8 MPH)
Jeremy Osborne to third
Runner from 3rd tries for Home, SAFE, throw by CF to home
Sam Muroff to second
Batting: RHB Jonathan Nystrom 0-0: Called Strike
0-1: Ball
1-1: Ball
2-1: Foul Ball, location: 9LMF
2-2: Ground out 5-3 (Groundball, 56S, EV 81.3 MPH)
Bottom of the 2nd over - 3 runs, 3 hits, 1 error, 1 left on base; Gwinnett 2 - St. Paul 3
TOP OF THE 3RD
Gwinnett Stripers batting - Pitching for St. Paul Saints : RHP Ben Taylor
Batting: RHB Joel Gatto 0-0: Ball
1-0: Foul Ball, location: 9LMF
1-1: Swinging Strike
1-2: Ball
2-2: Ball
3-2: Fly out, F8 (Flyball, 8RD, EV 108.1 MPH)
Batting: RHB Edgar Cardenas 0-0: Fly out, F8 (Flyball, 8LM, EV 96.3 MPH)
Batting: RHB Mike Keenan 0-0: Called Strike
0-1: Ball
1-1: Foul Ball, location: 2LF
1-2: Ball
2-2: SINGLE (Groundball, 4MD, EV 95.0 MPH)
Batting: LHB Robbie Vasquez 0-0: Called Strike
0-1: Foul Ball, location: 2F
0-2: Ball
1-2: Ball
2-2: Strikes out looking
Top of the 3rd over - 0 runs, 1 hit, 0 errors, 1 left on base; Gwinnett 2 - St. Paul 3
BOTTOM OF THE 3RD
St. Paul Saints batting - Pitching for Gwinnett Stripers : RHP Joe Ortmeier
Batting: LHB Wilfredo Vallejo 0-0: Ball
1-0: Ball
2-0: Ball
3-0: Called Strike
3-1: Called Strike
3-2: Strikes out looking
Batting: RHB Midhat Broci 0-0: Ball
1-0: DOUBLE (Line Drive, 9LM, EV 108.8 MPH)
Batting: RHB Marc Mueller 0-0: Ball
1-0: Swinging Strike
1-1: Ball
2-1: Foul Ball, location: 2F
2-2: Strikes out swinging
Batting: RHB Bobby Eldredge 0-0: Ball
1-0: Ball
2-0: Ball
3-0: Base on Balls
Batting: SHB Cy Mooney 0-0: Called Strike
0-1: Ball
1-1: Called Strike
1-2: Ball
2-2: DOUBLE (Flyball, 8LXD, EV 102.5 MPH)
Midhat Broci scores
Bobby Eldredge to third
Runner from 3rd tries for Home, SAFE, throw by CF to trailing runner, SAFE at third!
Pitching: RHP Nate Walsh
Batting: RHB Donnie Beck 0-0: Swinging Strike
0-1: Foul Ball, location: 2F
0-2: Fly out, F9 (Flyball, 89S, EV 88.8 MPH)
Bottom of the 3rd over - 2 runs, 2 hits, 0 errors, 1 left on base; Gwinnett 2 - St. Paul 5
TOP OF THE 4TH
Gwinnett Stripers batting - Pitching for St. Paul Saints : RHP Ben Taylor
Batting: RHB Jonathan Waisanen 0-0: Ball
1-0: Called Strike
1-1: Ball
2-1: Swinging Strike
2-2: Foul Ball, location: 2F
2-2: Foul Ball, location: 2F
2-2: Ball
3-2: Foul Ball, location: 2F
3-2: Strikes out looking
Batting: LHB Tomas Valencia 0-0: Called Strike
0-1: Ball
1-1: Foul Ball, location: 7LMF
1-2: Ball
2-2: Strikes out looking
Batting: SHB Eric Williams 0-0: SINGLE (Line Drive, 89M, EV 101.3 MPH)
Batting: RHB Hector Blazquez 0-0: Ball
1-0: Called Strike
1-1: Foul Ball, location: 2F
1-2: Foul Ball, location: 2F
1-2: Ball
2-2: Strikes out swinging
Top of the 4th over - 0 runs, 1 hit, 0 errors, 1 left on base; Gwinnett 2 - St. Paul 5
BOTTOM OF THE 4TH
St. Paul Saints batting - Pitching for Gwinnett Stripers : RHP Nate Walsh
Batting: RHB Jeremy Osborne 0-0: SINGLE (Groundball, 56D, EV 105.0 MPH)
Batting: RHB Sam Muroff 0-0: Foul Ball, location: 5SF
0-1: Ball
1-1: Fielders Choice at 2nd, 5-4 (Groundball, 56S, EV 83.1 MPH)
Batting: RHB Jonathan Nystrom 0-0: Ball
Sam Muroff steals 2nd base
1-0: Called Strike
1-1: DOUBLE (Line Drive, 7LS, EV 107.5 MPH)
Sam Muroff scores
Batting: LHB Wilfredo Vallejo 0-0: Ground out 4-3 (Groundball, 4, EV 86.3 MPH)
Jonathan Nystrom to third
Batting: RHB Midhat Broci 0-0: Ball
1-0: Ball
2-0: Ball
3-0: Called Strike
3-1: Called Strike
3-2: SINGLE (Line Drive, 56D, EV 106.3 MPH)
Jonathan Nystrom scores
Batting: RHB Marc Mueller 0-0: Called Strike
0-1: Ball
1-1: Called Strike
1-2: Ball
2-2: Foul Ball, location: 5FF
2-2: Foul Ball, location: 9LMF
2-2: Foul Ball, location: 25F
2-2: Strikes out swinging
Bottom of the 4th over - 2 runs, 3 hits, 0 errors, 1 left on base; Gwinnett 2 - St. Paul 7
TOP OF THE 5TH
Gwinnett Stripers batting - Pitching for St. Paul Saints : RHP Ben Taylor
Batting: SHB Pete Bledsoe 0-0: SINGLE (Line Drive, 4MD, EV 108.8 MPH)
Batting: RHB Joel Gatto 0-0: Ball
1-0: Foul Ball, location: 2F
1-1: Fielders Choice at 2nd, 4-6 (Groundball, 4, EV 85.0 MPH)
Batting: RHB Edgar Cardenas 0-0: Ball
1-0: Called Strike
1-1: Reached on error, E6 (Groundball, 6MD, EV 83.8 MPH)
Joel Gatto to second
Batting: RHB Mike Keenan 0-0: Ball
1-0: Fly out, F6 (Popup, P, EV 82.5 MPH)
Batting: LHB Robbie Vasquez 0-0: Ball
1-0: Swinging Strike
1-1: Foul Ball, location: 5SF
1-2: Strikes out looking
Top of the 5th over - 0 runs, 1 hit, 1 error, 2 left on base; Gwinnett 2 - St. Paul 7
BOTTOM OF THE 5TH
St. Paul Saints batting - Pitching for Gwinnett Stripers : RHP Nate Walsh
Batting: RHB Bobby Eldredge 0-0: Ball
1-0: Fly out, F6 (Line Drive, 6, EV 74.4 MPH)
Batting: SHB Cy Mooney 0-0: Ball
1-0: Ball
2-0: DOUBLE (Line Drive, 3D, EV 98.1 MPH)
Batting: RHB Donnie Beck 0-0: Called Strike
0-1: Swinging Strike
0-2: Foul Ball, location: 2F
0-2: Strikes out swinging
Batting: RHB Jeremy Osborne 0-0: Ball
1-0: Reached via error on a dropped throw from 1B, E1 (Groundball, 34, EV 90.0 MPH)
Cy Mooney to third
Batting: RHB Sam Muroff 0-0: Ball
1-0: Ball
2-0: Called Strike
2-1: Ground out 5-3 (Groundball, 56S, EV 90.0 MPH)
Bottom of the 5th over - 0 runs, 1 hit, 1 error, 2 left on base; Gwinnett 2 - St. Paul 7
TOP OF THE 6TH
Gwinnett Stripers batting - Pitching for St. Paul Saints : RHP Ben Taylor
Batting: RHB Jonathan Waisanen 0-0: Called Strike
0-1: Ball
1-1: SINGLE (Groundball, 34D, EV 105.6 MPH)
Batting: LHB Tomas Valencia 0-0: Ball
1-0: Ball
2-0: Foul Ball, location: 3DF
2-1: Swinging Strike
2-2: Ball
3-2: Fly out, F9 (Flyball, 9LD, EV 110.6 MPH)
Pitching: RHP Jared Layne
Batting: SHB Eric Williams 0-0: Ball
1-0: Foul Ball, location: 2F
1-1: Ball
2-1: Fielders Choice at 2nd, 3-6 (Groundball, 34S, EV 81.3 MPH)
Batting: RHB Hector Blazquez 0-0: Called Strike
0-1: Ball
1-1: Ball
2-1: Swinging Strike
2-2: Ball
3-2: Foul Ball, location: 2F
3-2: Strikes out swinging
Top of the 6th over - 0 runs, 1 hit, 0 errors, 1 left on base; Gwinnett 2 - St. Paul 7
BOTTOM OF THE 6TH
St. Paul Saints batting - Pitching for Gwinnett Stripers : RHP Nate Walsh
Batting: RHB Jonathan Nystrom 0-0: Ball
1-0: Ball
2-0: Ball
3-0: Called Strike
3-1: Ground out 4-3 (Groundball, 4M, EV 101.3 MPH)
Batting: LHB Wilfredo Vallejo 0-0: Fly out, F4 (Popup, 34D, EV 69.4 MPH)
Batting: RHB Midhat Broci 0-0: Foul Ball, location: 2F
0-1: Called Strike
0-2: Ball
1-2: SINGLE (Line Drive, 6D, EV 95.6 MPH)
Batting: RHB Marc Mueller 0-0: Called Strike
0-1: Foul Ball, location: 2F
0-2: Ball
1-2: Fielders Choice at 2nd, 5-4 (Groundball, 56, EV 93.1 MPH)
Bottom of the 6th over - 0 runs, 1 hit, 0 errors, 1 left on base; Gwinnett 2 - St. Paul 7
TOP OF THE 7TH
Gwinnett Stripers batting - Pitching for St. Paul Saints : RHP Jared Layne
Batting: SHB Pete Bledsoe 0-0: Called Strike
0-1: Ball
1-1: Foul Ball, location: 7LMF
1-2: Ground out 4-3 (Groundball, 4, EV 83.8 MPH)
Batting: RHB Joel Gatto 0-0: Ball
1-0: Foul Ball, location: 9LSFF
1-1: Ground out 5-3 (Groundball, 56, EV 82.5 MPH)
Batting: RHB Edgar Cardenas 0-0: Ball
1-0: Fly out, F8 (Flyball, 89S, EV 86.3 MPH)
Top of the 7th over - 0 runs, 0 hits, 0 errors, 0 left on base; Gwinnett 2 - St. Paul 7
BOTTOM OF THE 7TH
St. Paul Saints batting - Pitching for Gwinnett Stripers : RHP Nate Walsh
Batting: RHB Bobby Eldredge 0-0: Ball
1-0: Foul Ball, location: 2F
1-1: Foul Ball, location: 2F
1-2: Ball
2-2: Foul Ball, location: 5F
2-2: Ball
3-2: Fly out, F9 (Flyball, 9, EV 77.5 MPH)
Batting: SHB Cy Mooney 0-0: Ground out 6-3 (Groundball, P, EV 90.0 MPH)
Batting: RHB Donnie Beck 0-0: Called Strike
0-1: Ball
1-1: Ball
2-1: Called Strike
2-2: Ground out 5-3 (Groundball, 5S, EV 77.5 MPH)
Bottom of the 7th over - 0 runs, 0 hits, 0 errors, 0 left on base; Gwinnett 2 - St. Paul 7
TOP OF THE 8TH
Gwinnett Stripers batting - Pitching for St. Paul Saints : RHP Jared Layne
Batting: RHB Mike Keenan 0-0: Swinging Strike
0-1: Fly out, F4 (Popup, 3D, EV 65.0 MPH)
Batting: LHB Robbie Vasquez 0-0: Called Strike
0-1: Ball
1-1: Ball
2-1: Fly out, F7 (Flyball, 7, EV 83.8 MPH)
Batting: RHB Jonathan Waisanen 0-0: Ground out 5-3 (Groundball, 56, EV 93.1 MPH)
Top of the 8th over - 0 runs, 0 hits, 0 errors, 0 left on base; Gwinnett 2 - St. Paul 7
BOTTOM OF THE 8TH
St. Paul Saints batting - Pitching for Gwinnett Stripers : RHP Nate Walsh
Pitching: LHP Mike Reagan
Batting: RHB Jeremy Osborne 0-0: Ball
1-0: Fly out, F7 (Flyball, 78M, EV 90.6 MPH)
Batting: RHB Sam Muroff 0-0: Ball
1-0: Ball
2-0: Foul Ball, location: 2F
2-1: Foul Ball, location: 9LSF
2-2: Strikes out swinging
Batting: RHB Jonathan Nystrom 0-0: Ball
1-0: Swinging Strike
1-1: Fly out, F6 (Popup, 6M, EV 56.9 MPH)
Bottom of the 8th over - 0 runs, 0 hits, 0 errors, 0 left on base; Gwinnett 2 - St. Paul 7
TOP OF THE 9TH
Gwinnett Stripers batting - Pitching for St. Paul Saints : RHP Jared Layne
Batting: LHB Tomas Valencia 0-0: Swinging Strike
0-1: Ball
1-1: Ball
2-1: Called Strike
2-2: Strikes out swinging
Batting: SHB Eric Williams 0-0: Ball
1-0: Called Strike
1-1: Ball
2-1: Called Strike
2-2: SINGLE (Groundball, 4D, EV 98.1 MPH)
Pitching: LHP Wes Mendes
Batting: RHB Hector Blazquez 0-0: Called Strike
0-1: Called Strike
0-2: Foul Ball, location: 25F
0-2: Foul Ball, location: 2F
0-2: Fielders Choice at 2nd, 1-6 (Groundball, 13S, EV 68.8 MPH)
Batting: SHB Pete Bledsoe 0-0: Foul Ball, location: 3SF
0-1: Ball
1-1: Ball
2-1: Swinging Strike
2-2: Strikes out swinging
Top of the 9th over - 0 runs, 1 hit, 0 errors, 1 left on base; Gwinnett 2 - St. Paul 7
Monday, October 7th , 2024 - OOTP Baseball 25.9 Build 90